 Dungeon Crawl Stone Soup version 0.29-a0-598-gd8304a5bf4 (webtiles) character file.

Game seed: 3303180614933305634

1972 HoaS the Gouger (level 9, -8/69 HPs)
             Began as a Felid Berserker on June 15, 2022.
             Was a Priest of Trog.
             Mangled by Joseph
             ... wielding a +0 quarterstaff
              (14 damage)
             ... on level 7 of the Dungeon.
             The game lasted 00:17:00 (9521 turns).

HoaS the Gouger (Felid Berserker)                   Turns: 9521, Time: 00:17:00

Health: -8/69      AC:  2    Str: 13    XL:     9   Next: 0%
Magic:  0/10       EV: 24    Int:  8    God:    Trog [***...]
Gold:   241        SH:  0    Dex: 20    Spells: 8/8 levels left
                                        Lives:  0   Deaths: 2

rFire   . . .      SeeInvis +     - Unarmed
rCold   . . .      Faith    .   (shield unavailable)
rNeg    + . .      Spirit   +   (body armour unavailable)
rPois   .          Reflect  .   (helmet unavailable)
rElec   .          Harm     .   (cloak unavailable)
rCorr   .          Rampage  .   (gloves unavailable)
Will    +....                   (boots unavailable)
Stlth   ..........              g - amulet of guardian spirit
HPRegen 0.21/turn               j - ring of positive energy
MPRegen 0.12/turn               (no ring)

@: berserking, very quick
A: very small, claws 1, fangs 3, see invisible, speed 1, shaggy fur 2, stealthy
paws, no weapons or thrown items, no armour, multi-lived
a: Renounce Religion, Berserk, Trog's Hand


You were on level 7 of the Dungeon.
You worshipped Trog.
Trog was most pleased with you.
You visited 1 branch of the dungeon, and saw 7 of its levels.
You also visited: Sewer.

You collected 329 gold pieces.
You spent 88 gold pieces at shops.

Inventory:

Jewellery
 g - an amulet of guardian spirit (around neck)
 j - a ring of positive energy (left paw)
Wands
 e - a wand of paralysis (5)
 r - a wand of acid (4)
Scrolls
 i - 3 scrolls of teleportation
 l - a scroll of blinking
 m - a scroll of fog
 s - a scroll of noise {unknown}
Potions
 a - 3 potions of lignification {unknown}
 b - a potion of resistance
 c - 4 potions of curing
 d - a potion of flight
 f - 3 potions of mutation
 h - a potion of might {unknown}
 k - 2 potions of ambrosia {unknown}
 n - a potion of magic {unknown}
 o - 3 potions of attraction {unknown}
 p - 2 potions of invisibility {unknown}
 q - 4 potions of haste


   Skills:
 * Level 9.4 Fighting
 + Level 9.1 Dodging
 * Level 9.4 Unarmed Combat


You had 8 spell levels left.
You didn't know any spells.
Your spell library was empty.

Dungeon Overview and Level Annotations

Branches:
Dungeon (7/15)              Sewer (visited)
 Temple: D:4-7

Altars:
Dithmenos

Shops:
D:1 *:(!   D:4 *

Annotations:
D:7 Joseph, Menkaure


Innate Abilities, Weirdness & Mutations

You have sharp claws.
You have razor-sharp teeth.
You have supernaturally acute eyesight. (SInv)
You cover ground quickly. (Speed+)
You are covered in thick fur. (AC +2)
Your paws help you pounce on unaware monsters.
You are incapable of wielding weapons or throwing items.
You cannot wear armour.
You gain extra lives every three experience levels.


Message History

HP restored.
Magic restored.
Found a spear.
Joseph and Menkaure come into view.
Found a pair of embroidered gloves.
Joseph shouts!
There are monsters nearby!
There are monsters nearby!
There are monsters nearby!
Joseph unwields a +0 quarterstaff.
Joseph wields a +0 hunting sling.
Joseph shoots a sling bullet.
The sling bullet hits you!
Menkaure shouts!
Joseph shoots a sling bullet.
The sling bullet misses you.
Menkaure calls on the powers of darkness!
Joseph convulses!
Your body is wracked with pain!
Joseph shoots a sling bullet.
The sling bullet completely misses you.
Unknown command.
You start resting.
Joseph is nearby!
Joseph shoots a sling bullet.
The sling bullet misses you.
Joseph says, "I've waited for this moment for such a long time."
Joseph shoots a sling bullet.
The sling bullet hits you!!
Joseph shoots a sling bullet.
The sling bullet hits you!
* * * LOW HITPOINT WARNING * * *
Joseph unwields a +0 hunting sling.
Joseph wields a +0 quarterstaff.
Joseph closely misses you.
A red film seems to cover your vision as you go berserk!
You feel yourself moving faster!
You feel mighty!
You completely miss Joseph. Your bite misses Joseph.
Joseph is heavily wounded.
Joseph closely misses you.
You claw Joseph!
Joseph is heavily wounded.
Joseph completely misses you.
You claw Joseph!
Joseph is severely wounded.
You scratch Joseph.
Joseph is severely wounded.
Joseph hits you with a +0 quarterstaff!
You die...

#. #.#
##.####.############
#..................###
####.#############....
########.# #####
.........# ###
########.# ##.##
#@#############.#.#
#.@............###.
#..).........##.#.#
################.##
#.# #.# #.# #.# #.#
#..


You could see Joseph.

Vanquished Creatures
  Pikel (D:6)
  Maggie (D:7)
  Prince Ribbit (D:6)
  Eustachio (D:4)
  2 steam dragons
  2 black bears
  A sky beast (D:6)
  A centaur (D:7)
  A phantom (D:6)
  2 kobold brigands (Sewer)
  2 bullfrogs (D:7)
  3 scorpions
  4 wights
  10 killer bees (D:7)
  7 hounds
  2 orc priests
  2 iguanas
  3 gnolls (D:5)
  9 adders
  A river rat (D:4)
  An ufetubus (D:6)
  5 worms
  2 dart slugs
  11 orcs
  6 bats
  9 endoplasms
  5 giant cockroaches
  6 goblins
  4 hobgoblins
  2 jackals (D:4)
  17 kobolds
  5 quokkas
  10 ball pythons
  2 frilled lizards
  12 rats
153 creatures vanquished.

Vanquished Creatures (others)
  3 plants (D:2)
3 creatures vanquished.

Grand Total: 156 creatures vanquished

Notes
Turn   | Place    | Note
-------+----------+-------------------------------------------
     0 | D:1      | HoaS the Felid Berserker began the quest for the Orb.
     0 | D:1      | Reached XP level 1. HP: 10/10 MP: 2/2
   239 | D:1      | Found Eshruloc's General Store.
   435 | D:1      | Found Wamuj's Book Shop.
   662 | D:1      | Found Duon Ywo's Distillery.
   667 | D:1      | Bought a potion of curing for 33 gold pieces
   681 | D:1      | Reached XP level 2. HP: 14/14 MP: 3/3
   915 | D:1      | Found Vatzuf's Antique Weapon Shoppe.
  1528 | D:2      | Reached XP level 3. HP: 17/17 MP: 4/4
  1529 | D:2      | Reached ** piety under Trog
  1680 | D:2      | Found a faded altar of an unknown god.
  2366 | D:1      | Bought a potion of heal wounds for 55 gold pieces
  2957 | D:3      | Reached XP level 4. HP: 18/22 MP: 5/5
  3487 | D:4      | Found a glowing drain.
  3491 | Sewer    | Entered a sewer
  3991 | Sewer    | Reached *** piety under Trog
  4062 | Sewer    | Noticed a kobold brigand
  4075 | Sewer    | Killed a kobold brigand
  4076 | Sewer    | Reached skill level 5 in Dodging
  4076 | Sewer    | Reached XP level 5. HP: 25/25 MP: 6/6
  4125 | Sewer    | Slain by a kobold brigand
  4126 | Sewer    | Reached XP level 4. HP: -1/22 MP: 0/5
  4147 | Sewer    | Killed a kobold brigand
  4148 | Sewer    | Reached XP level 5. HP: 25/25 MP: 6/6
  4405 | D:4      | Noticed Eustachio
  4417 | D:4      | HP: 1/25 [ufetubus[Eustachio] (1)]
  4427 | D:4      | Killed Eustachio
  4428 | D:4      | Reached skill level 5 in Fighting
  4428 | D:4      | Reached skill level 5 in Unarmed Combat
  4428 | D:4      | Gained mutation: You are covered in thick fur. (AC +2)
                  | [Felid growth]
  4428 | D:4      | Reached XP level 6. HP: 14/30 MP: 1/7
  4565 | D:4      | Found Fuisuimm's Neck Hole.
  5477 | D:5      | Entered Level 5 of the Dungeon
  5823 | D:5      | Reached XP level 7. HP: 12/34 MP: 3/8
  6767 | D:6      | Noticed a steam dragon
  6951 | D:6      | Found a shadowy altar of Dithmenos.
  7265 | D:6      | Killed a steam dragon
  7266 | D:6      | Reached XP level 8. HP: 32/39 MP: 4/9
  7613 | D:6      | Noticed Pikel
  7624 | D:6      | Killed Pikel
  8398 | D:6      | Reached XP level 9. HP: 40/44 MP: 10/10
  8538 | D:7      | Noticed Maggie
  8538 | D:7      | Noticed Prince Ribbit
  8565 | D:6      | Killed Prince Ribbit
  8705 | D:7      | Killed Maggie
  8744 | D:7      | HP: 3/67 [poisoned by a killer bee]
  8747 | D:7      | Succumbed to a killer bee's poison
  8748 | D:7      | Reached XP level 8. HP: 0/42 MP: 4/9
  9412 | D:7      | Reached XP level 9. HP: 44/46 MP: 8/10
  9469 | D:7      | Noticed Joseph
  9469 | D:7      | Noticed Menkaure
  9521 | D:7      | Mangled by Joseph

Illustrated notes

Levels and vault maps discovered:
D:1:      dpeg_arrival_rhombi, layout_loops_ring, serial_shops,
          nicolae_shop_waterfront, shop, nicolae_shop_stone, shop_statue,
          minmay_misc_feat_iff, grunt_decor_fettered
D:2:      layout_loops_corners, shapermc_ecumenical_altar_ellora
D:3:      layout_loops_cross, minmay_ruptured
D:4:      layout_gridville, gup_sewer_entry_spiral,
          nicolae_shop_sticking_my_neck_out, uniq_eustachio
D:5:      layout_loops_cross
D:6:      layout_rooms, kennysheep_little_box, uniq_pikel
D:7:      layout_loops_ring, temple_statues, wad_rectangle_vault, uniq_joseph,
          uniq_maggie, uniq_prince_ribbit1, uniq_menkaure

Skill      XL: |  1  2  3  4  5  6  7  8 |
---------------+-------------------------+-----
Fighting       | 4 5 6 9 |  9.4
Unarmed Combat | 4 5 6 9 |  9.4
Dodging        | 5 6 9 |  9.1

Action                   |  1- 3 |  4- 6 |  7- 9 || total
-------------------------+-------+-------+-------++-------
Melee: Unarmed           |   106 |   217 |   250 ||   573
       Bite              |    11 |    23 |    30 ||    64
       Punch             |     1 |     5 |     8 ||    14
Invok: Berserk           |     1 |     3 |     6 ||    10
       Trog's Hand       |       |       |     1 ||     1
Evoke: Wand              |       |       |     6 ||     6
  Use: Scroll            |     5 |     7 |     1 ||    13
       Potion            |       |     1 |       ||     1
 Stab: Sleeping          |     6 |     1 |     1 ||     8
       Paralysed         |       |       |     3 ||     3
Armor: Skin              |     2 |    11 |    14 ||    27
Dodge: Dodged            |    73 |   214 |   243 ||   530

Table legend: (Time is in decaauts)
 A = Elapsed time spent in this place.
 B = Non-inter-level travel time spent in this place.
 C = Inter-level travel time spent in this place.
 D = Time resting spent in this place.
 E = Time spent auto-exploring this place.
 F = Levels seen in this place.
 G = Mean time per level.
                   A        B        C        D        E       F      G
               +--------+--------+--------+--------+--------+-----+--------+
         Total |   8705 |   8432 |    273 |   4004 |   2975 |   8 | 1088.1 |
       Dungeon |   7870 |   7597 |    273 |   3602 |   2760 |   7 | 1124.3 |
         Sewer |    834 |    834 |      0 |    402 |    214 |   1 |  834.0 |
               +--------+--------+--------+--------+--------+-----+--------+

Top non-repeatable levels by time:
     D:5: 1644 daAuts
     D:6: 1321 daAuts
     D:4: 1265 daAuts
     D:2: 1174 daAuts
     D:1: 910 daAuts
   Sewer: 834 daAuts
     D:3: 803 daAuts
     D:7: 751 daAuts
